 Dungeon Crawl Stone Soup version 0.30.1 (webtiles) character file.

Game seed: 7573797634757825258

114 cdecastro the Chopper (level 4, -4/41 HPs)
             Began as a Hill Orc Fighter on July 3, 2023.
             Constricted to death by Natasha (6 damage)
             ... on level 2 of the Dungeon.
             The game lasted 00:02:52 (1157 turns).

cdecastro the Chopper (Hill Orc Fighter)            Turns: 1157, Time: 00:02:52

Health: -4/41      AC:  6    Str: 20    XL:     4   Next: 97%
Magic:  4/4        EV:  6    Int:  8    God:
Gold:   118        SH:  4    Dex: 10    Spells: 3/3 levels left

rFire   . . .        a - +0 war axe
rCold   . . .        c - +0 buckler
rNeg    . . .        b - +0 scale mail
rPois   .            (no helmet)
rElec   .            (no cloak)
rCorr   .            (no gloves)
SInv    .            (no boots)
Will    .....        (no amulet) Stlth
                     (no ring)
HPRegen 0.26/turn    (no ring)
MPRegen 0.09/turn

%: no passive effects
@: grasped by roots, slowed, constricted, very slow
A: no striking features
a: no special abilities


You were on level 2 of the Dungeon.
You visited 1 branch of the dungeon, and saw 2 of its levels.

You collected 118 gold pieces.

Inventory:

Hand Weapons
 a - a +0 war axe (weapon)
Missiles
 g - 4 poisoned darts (quivered)
Armour
 b - a +0 scale mail (worn)
 c - a +0 buckler (worn)
Jewellery
 m - an amulet of reflection
Scrolls
 e - 2 scrolls of noise {unknown}
 f - a scroll of immolation {unknown}
 j - a scroll of butterflies {unknown}
 l - a scroll of torment {unknown}
Potions
 d - a potion of might
 h - 2 potions of flight {unknown}
 i - 2 potions of lignification {unknown}
 k - 3 potions of haste {unknown}
 n - a potion of berserk rage {unknown}


   Skills:
 + Level 4.8 Fighting
 * Level 5.6 Axes
 - Level 3.2 Armour
 - Level 3.2 Shields


You had 3 spell levels left.
You didn't know any spells.
Your spell library was empty.

Dungeon Overview and Level Annotations

Branches:
Dungeon (2/15)

Altars:

Annotations:
D:2 Natasha


Message History

You hit Natasha.
Natasha is almost dead.
Natasha closely misses you.
You hit Natasha but do no damage.
Natasha is almost dead.
Natasha casts a spell at you.
You feel yourself slow down.
You completely miss Natasha.
Natasha is almost dead.
Natasha zaps a wand.
The roots erupt in riotous growth!
The grasping roots grab you!
Natasha is unaffected.
The grasping roots constrict you.
* * * LOW HITPOINT WARNING * * *
Natasha claws you but does no damage. The grasping roots constrict you.
* * * LOW HITPOINT WARNING * * *
You closely miss Natasha.
Natasha is almost dead.
Natasha claws you but does no damage. The grasping roots constrict you.
* * * LOW HITPOINT WARNING * * *
Natasha wildly gestures.
You feel troubled. Natasha barely misses you. The grasping roots constrict you.
The grasping roots release their grip on you.
You barely miss Natasha.
Natasha is almost dead.
Natasha claws you.
* * * LOW HITPOINT WARNING * * *
Natasha completely misses you.
Unknown command.
You barely miss Natasha.
Natasha is almost dead.
Natasha zaps a wand.
The roots erupt in riotous growth!
The grasping roots grab you!
Natasha is unaffected.
The now-empty wand crumbles to dust.
The grasping roots constrict you.
* * * LOW HITPOINT WARNING * * *
Natasha claws you.
* * * LOW HITPOINT WARNING * * *
The grasping roots constrict you.
You die...

#.###....##......###...#...#.. ##
#........#####....##.....#...# .#
####.....### #.##.##...#...#.. .#
#..........# #.#.........#...#
.###..........# #.#.......#...#..
..............###.#.#####...#...#
...............##...h...#.#÷..#..
#.###............#..#.###...#...#
....##.#########@#.##.# #.#...#..
.#...#..# #.h>##.# #...#÷).#
...<.#..# ###.##.# #.#...#..
._...#..# #.##.# ##..#...#
...#.#..# #....# ###..#..
.<......# ###### #....# ....#..##
#..... #####..# #..... ......##
##########.....


You could see Natasha.

Vanquished Creatures
  Natasha (twice) (D:2)
  Terence (D:2)
  A ball python (D:1)
  5 bats
  2 endoplasms
  3 giant cockroaches
  9 goblins
  A hobgoblin (D:1)
  4 quokkas
  2 frilled lizards
  3 kobolds
  3 rats
36 creatures vanquished.

Notes
Turn   | Place    | Note
-------+----------+-------------------------------------------
     0 | D:1      | cdecastro the Hill Orc Fighter began the quest for the Orb.
     0 | D:1      | Reached XP level 1. HP: 19/19 MP: 1/1
    17 | D:1      | Reached skill level 3 in Axes
    29 | D:1      | Reached XP level 2. HP: 23/27 MP: 2/2
   224 | D:1      | Reached skill level 4 in Axes
   299 | D:1      | Reached XP level 3. HP: 23/33 MP: 3/3
   533 | D:2      | Found a faded altar of an unknown god.
   615 | D:2      | Noticed Natasha
   621 | D:2      | Killed Natasha
   666 | D:2      | Reached XP level 4. HP: 35/41 MP: 4/4
   851 | D:2      | Noticed Terence
   862 | D:2      | Killed Terence
   863 | D:2      | Reached skill level 5 in Axes
  1054 | D:2      | Noticed Natasha
  1061 | D:2      | Killed Natasha
  1142 | D:2      | Noticed Natasha
  1157 | D:2      | HP: 2/41 [Natasha (5)]
  1157 | D:2      | Constricted to death by Natasha

Illustrated notes

Levels and vault maps discovered:
D:1:      zelgadis_glass_arrival_small, layout_rooms
D:2:      layout_basic, nicolae_ecumenical_pavilion, hex_large,
          amethyst_killhole, uniq_terence, uniq_natasha

Skill      XL: |  1  2  3  4 |
---------------+-------------+-----
Axes           | 3 4 5 |  5.6
Fighting       | 4 |  4.8
Armour         | |  3.2
Shields        | |  3.2

Action                     |  1- 3 |  4- 6 || total
---------------------------+-------+-------++-------
  Melee: War axe           |    82 |    32 ||   114
 Armour: Scale mail        |    42 |    18 ||    60
  Dodge: Dodged            |    35 |    12 ||    47
  Block: Buckler           |    15 |     6 ||    21
